 Dungeon Crawl Stone Soup version 0.25.1-2-g60ff931df9 (webtiles) character file.

Game seed: 9003687382439471688

45 DildoBatman the Magician (level 3, -3/24 HPs)
             Began as a Formicid Wizard on Sept 10, 2020.
             Slain by a worm (6 damage)
             ... on level 2 of the Dungeon.
             The game lasted 00:02:53 (1458 turns).

DildoBatman the Magician (Formicid Wizard)          Turns: 1458, Time: 00:02:54

Health: -3/24      AC:  3    Str: 11    XL:     3   Next: 90%
Magic:  1/7        EV: 12    Int: 18    God:
Gold:   82         SH:  0    Dex:  9    Spells: 1/8 levels left

rFire    . . .     SeeInvis +   d - +0 short sword
rCold    . . .     Gourm    .   (no shield)
rNeg     . . .     Faith    .   a - +0 robe
rPois    .         Spirit   .   (helmet unavailable)
rElec    .         Reflect  .   (no cloak)
rCorr    .         Harm     .   (no gloves)
MR       .....                  e - +0 pair of boots
Stlth    ++........             (no amulet)
HPRegen  0.08/turn              (no ring)
MPRegen  0.10/turn              (no ring)

@: no status effects
A: permanent stasis, dig shafts and tunnels, four strong arms, antennae 3
a: Dig, Shaft Self


You were on level 2 of the Dungeon.
You were hungry.

You visited 1 branch of the dungeon, and saw 2 of its levels.

You collected 82 gold pieces.

Inventory:

Hand Weapons
 c - a +0 club
 d - a +0 short sword (weapon)
 g - a +0 spear
 j - a +0 flail
Missiles
 f - 11 stones (quivered)
Armour
 a - a +0 robe (worn)
 e - a +0 pair of boots (worn)
Scrolls
 h - a scroll of remove curse {unknown}
 i - a scroll of identify {unknown}
Comestibles
 b - 2 chunks of flesh
 v - 3 rations


   Skills:
 - Level 1.7 Dodging
 - Level 2.4 Stealth
 - Level 3.2 Spellcasting
 * Level 3.1 Conjurations
   Level 1.0 Summonings
   Level 0.8 Translocations


You had one spell level left.
You knew the following spells:

 Your Spells              Type           Power        Failure   Level  Hunger
a - Conjure Flame         Conj/Fire      #.......     26%         3    ###....
c - Magic Dart            Conj           ##..         4%          1    None
e - Mephitic Cloud        Conj/Pois/Air  #.......     30%         3    ###....

Your spell library contained the following spells:

 Spells                   Type           Power        Failure   Level  Hunger
 Call Imp                 Summ           #.......     16%         2    ##.....
 Slow                     Hex            #.......     24%         2    ##.....
 Blink                    Tloc           Unusable     N/A         2    N/A

Dungeon Overview and Level Annotations

Branches:
Dungeon (2/15)

Altars:


Innate Abilities, Weirdness & Mutations

You cannot be hasted, slowed, berserked, paralysed or teleported.
You can dig through walls and to a lower floor.
Your four strong arms can wield two-handed weapons with a shield.
You have a pair of large antennae on your head. (SInv)


Message History

Your magical contamination has completely faded away.
Casting: Magic Dart (safe; 4% risk of failure)
Confirm with . or Enter, or press ? or * to list all spells.
Aiming: Magic Dart (safe; 4% risk of failure)
Press: ? - help, Shift-Dir - straight line, f/p - worm
Aim: a worm (moderately wounded)
The magic dart hits the worm.
The worm is moderately wounded.
Casting: Magic Dart (safe; 4% risk of failure)
Confirm with . or Enter, or press ? or * to list all spells.
Aiming: Magic Dart (safe; 4% risk of failure)
Press: ? - help, Shift-Dir - straight line, f/p - worm
Aim: a worm (moderately wounded)
The magic dart hits the worm.
The worm is heavily wounded.
The worm bites you!
You hit the worm.
The worm is severely wounded.
The worm bites you.
You die...

{ #..# #[.# #.(# ##.## {
#..## ###..## #...##
######...### #.#..##
##......####. ..##.##..###
#..###### #..
...........####.## #..
#.#........##...# ####..
#........w@)..### ##.....
.##........##..######..#...
........................#.
..%................<..#####
#.....###########.....# #
#..... ##.#..# ..#..
#.....# # ...###..# .....
#.#


You could see a worm.

Vanquished Creatures
  2 gnolls (D:2)
  An ooze (D:1)
  A dart slug (D:1)
  3 bats
  A giant cockroach (D:1)
  4 goblins
  4 hobgoblins (D:1)
  A frilled lizard (D:1)
  A kobold (D:1)
  A rat (D:1)
19 creatures vanquished.

Notes
Turn   | Place    | Note
-------+----------+-------------------------------------------
     0 | D:1      | DildoBatman the Formicid Wizard began the quest for the
                  | Orb.
     0 | D:1      | Reached XP level 1. HP: 13/13 MP: 4/4
    27 | D:1      | Reached skill level 1 in Conjurations
   191 | D:1      | Reached XP level 2. HP: 15/19 MP: 1/6
   914 | D:1      | Reached XP level 3. HP: 10/24 MP: 4/7
  1238 | D:2      | Learned a level 3 spell: Mephitic Cloud
  1242 | D:2      | Learned a level 3 spell: Conjure Flame
  1458 | D:2      | Slain by a worm

Illustrated notes

Levels and vault maps discovered:
D:1:      dpeg_arrival_pits, layout_basic, minivault_14,
          minmay_misc_feat_nine_boxes
D:2:      layout_rooms, first_ration

Skill      XL: |  1  2  3 |
---------------+----------+-----
Conjurations   | 1 2 3 |  3.1
Dodging        | |  1.7
Stealth        | |  2.4
Spellcasting   | |  3.2
Summonings     | |  1.0
Translocations | |  0.8

Action                   || total
-------------------------++-------
Melee: Club              ||     7
       Short sword       ||     8
 Cast: Magic Dart        ||    65
  Eat: Chunk             ||     1
Armor: Robe              ||     5
Dodge: Dodged            ||    16
